 Dungeon Crawl Stone Soup version 0.30.0-29-ga12c61a403 (webtiles) character file.

Game seed: 17748955894787374427

6155 croobank the Protected (level 10, 0/78 HPs)
             Began as a Demigod Fire Elementalist on June 19, 2023.
             Slain by a killer bee (5 damage)
             ... on level 9 of the Dungeon.
             The game lasted 00:37:20 (12547 turns).

croobank the Protected (Demigod Fire Elementalist) Turns: 12547, Time: 00:37:21

Health: 0/78       AC: 13    Str:  9    XL:     10   Next: 34%
Magic:  1/19       EV: 11    Int: 29    God:
Gold:   413        SH:  0    Dex: 14    Spells: 10/16 levels left

rFire   . . .        d - staff of poison
rCold   + . .        (no shield)
rNeg    . . .        i - +3 ring mail {rC+}
rPois   +            (no helmet)
rElec   .            t - +0 cloak
rCorr   .            K - +0 pair of gloves
SInv    .            (no boots)
Will    +....        (no amulet)
Stlth   ++           (no ring)
HPRegen 0.33/turn    (no ring)
MPRegen 0.16/turn

%: no passive effects
@: about to teleport
A: high MP 1, forlorn, divine attributes
a: no special abilities


You were on level 9 of the Dungeon.
You visited 1 branch of the dungeon, and saw 9 of its levels.

You collected 413 gold pieces.

Inventory:

Hand Weapons
 a - a +0 dagger of venom
 j - a +2 scimitar of flaming
 s - a +4 quarterstaff of chaos
 u - the +7 hammer of Extinguishment {chaos, Str+5}
   (You found it on level 2 of the Dungeon)

   Str:       It affects your strength (+5).
 C - a +0 war axe
 F - a +2 long sword
 G - a +1 vampiric short sword
 N - a +6 quarterstaff
 Q - a +4 spear of flaming
Missiles
 A - 6 curare-tipped darts
 J - 12 poisoned darts
Armour
 i - a +3 ring mail of cold resistance (worn)
 q - a +0 robe
 t - a +0 cloak (worn)
 z - a +0 robe of willpower
 E - a +1 robe of the Archmagi
 H - a +0 buckler
 K - a +0 pair of gloves (worn)
Magical Staves
 d - a staff of poison (weapon)
 B - a staff of death
 L - a staff of cold
Jewellery
 y - a ring of resist corrosion
 I - a ring of willpower
 M - a ring of flight
Wands
 b - a wand of light (5)
 c - a wand of paralysis (31)
 r - a wand of flame (64)
 v - a wand of mindburst (11)
 O - a wand of iceblast (8)
Scrolls
 l - 2 scrolls of amnesia
 o - a scroll of poison
 p - a scroll of fog
 D - a scroll of magic mapping
 P - a scroll of identify
Potions
 e - 5 potions of lignification
 f - 2 potions of cancellation
 g - 3 potions of mutation
 h - 2 potions of haste
 k - 3 potions of brilliance
 n - 5 potions of curing
 w - a potion of resistance
 x - a potion of attraction


   Skills:
 + Level 3.6 Fighting
 + Level 10.7 Armour
 + Level 4.1 Dodging
 + Level 4.5 Stealth
 + Level 3.7 Spellcasting
 + Level 3.8 Conjurations
 * Level 3.6 Hexes
 + Level 4.5 Fire Magic


You had 10 spell levels left.
You knew the following spells:

 Your Spells              Type           Power      Damage    Failure   Level
a - Foxfire               Conj/Fire      100%       2x1d9     2%          1
b - Scorch                Fire           64%        2d8       3%          2
c - Inner Flame           Hex/Fire       29%        N/A       9%          3

Your spell library contained the following spells:

 Spells                   Type           Power      Damage    Failure   Level
 Volatile Blastmotes      Fire/Tloc      36%        2d13      19%         3
 Cigotuvi's Dreadful Rot  Necr/Pois/Air  16%        N/A       24%         2
 Lesser Beckoning         Tloc           10%        N/A       24%         2
 Ignite Poison            Fire/Tmut/Pois 21%        N/A       26%         3
 Flame Wave               Conj/Fire      29%        2d9       28%         4
 Fulminant Prism          Conj/Hex       13%        3d8       32%         4
 Gell's Gravitas          Tloc           5%         N/A       43%         3
 Ozocubu's Armour         Ice            5%         N/A       43%         3
 Teleport Other           Tloc           5%         N/A       43%         3
 Iskenderun's Mystic Bla  Conj/Tloc      16%        2d5       56%         4
 Freezing Cloud           Conj/Ice/Air   6%         6-21      95%         5
 Lee's Rapid Deconstruct  Erth           2%         3d5*      99%         5
 Ozocubu's Refrigeration  Ice            2%         4d8       100%        7


Dungeon Overview and Level Annotations

Branches:
Dungeon (9/15)             Temple (0/1) D:7
   Lair: D:8-11         Orc: D:9-12


Innate Abilities, Weirdness & Mutations

You have an increased reservoir of magic. (+10% MP)
You shall have no god before yourself.
Your divine heritage dramatically boosts your attributes as you level up.


Message History

You feel better.
The foxfire hits the killer bee.
You kill the killer bee!
The foxfire hits the killer bee but does no damage.
The killer bee is severely wounded.
The killer bee stings you.
* * * LOW HITPOINT WARNING * * *
The killer bee stings you but does no damage.
You feel better. The killer bee closely misses you.
The killer bee stings you but does no damage.
You can't go up here!
The killer bee stings you.
* * * LOW HITPOINT WARNING * * *
The killer bee closely misses you.
You climb downwards.
The killer bee stings you.
* * * LOW HITPOINT WARNING * * *
The killer bee barely misses you. The killer bee stings you.
* * * LOW HITPOINT WARNING * * *
The killer bee stings you but does no damage.
The killer bee closely misses you.
The killer bee stings you but does no damage.
The killer bee barely misses you. The killer bee stings you.
* * * LOW HITPOINT WARNING * * *
You are lethally poisoned!
The killer bee poisons you!
There is a stone staircase leading up, spattered with blood here.
You feel better. The killer bee barely misses you.
The killer bee completely misses you. The killer bee barely misses you.
The killer bee stings you.
* * * LOW HITPOINT WARNING * * *
The killer bee closely misses you. The killer bee barely misses you.
The killer bee stings you but does no damage.
The killer bee barely misses you.
As you read the scroll of teleportation, it crumbles to dust.
You feel strangely unstable. The killer bee closely misses you.
The killer bee stings you but does no damage. x4
The killer bee stings you.
* * * LOW HITPOINT WARNING * * *
The killer bee stings you but does no damage.
The killer bee stings you.
You die...

.# #.# #...................... .#
#. #..................$... .# #.
##........./............ .##
.#...................... ..##
.#...........>y...#####. ...###
#.#...............).#
.....###.##..............#.###.#
##.....#.###....yy.............#
##........##..y@y.####....#####
###...........######.......# #
###....#._......#...##.#....# #
###..##............#.##..#....
####...###..........###.###.....#
##...###...#).......# #.# #......
#.[........#........# #.###......
#..........##.......# #..#######.
...........##.......# ##.# #


You could see 5 killer bees.

Vanquished Creatures
  Erica (D:9)
  A boulder beetle (D:8)
  Joseph (D:8)
  A troll (D:7)
  A shadow (D:7)
  4 yaks (D:8)
  A steam dragon (D:7)
  A vampire mosquito (D:6)
  An acid dragon (D:9)
  3 orc warriors
  A sky beast (D:7)
  2 ice beasts
  An ogre (D:5)
  4 centaurs
  A phantom (D:6)
  A kobold brigand (D:8)
  7 bullfrogs
  2 gnoll sergeants
  2 scorpions
  6 wights (D:7)
  6 killer bees (D:8)
  2 vampire bats (D:5)
  3 howler monkeys
  2 jellies
  Crazy Yiuf (D:2)
  An orc priest (D:8)
  A gnoll bouda (D:4)
  A hound (D:6)
  A sleepcap (D:4)
  An orc wizard (D:7)
  Natasha (thrice) (D:2)
  3 iguanas
  14 gnolls
  10 adders
  2 shadow imps
  2 white imps (D:7)
  2 ufetubi
  A worm (D:3)
  5 dart slugs
  26 orcs
  9 ball pythons
  6 endoplasms
  4 giant cockroaches
  6 goblins
  5 hobgoblins
  3 jackals
  3 quokkas
  15 bats
  3 frilled lizards
  11 kobolds
  12 rats
206 creatures vanquished.

Vanquished Creatures (others)
  A wight (D:7)
  452 foxfires
453 creatures vanquished.

Grand Total: 659 creatures vanquished

Notes
Turn   | Place    | Note
-------+----------+-------------------------------------------
     0 | D:1      | croobank the Demigod Fire Elementalist began the quest for
                  | the Orb.
     0 | D:1      | Reached XP level 1. HP: 14/14 MP: 5/5
    88 | D:1      | Reached skill level 1 in Conjurations
   358 | D:1      | Reached XP level 2. HP: 20/20 MP: 1/7
   362 | D:1      | Learned a level 2 spell: Scorch
  1114 | D:1      | Reached XP level 3. HP: 26/26 MP: 5/8
  1697 | D:2      | Noticed Natasha
  1707 | D:2      | Killed Natasha
  1789 | D:2      | Learned a level 3 spell: Inner Flame
  1923 | D:2      | Reached skill level 1 in Fighting
  1923 | D:2      | Reached XP level 4. HP: 35/35 MP: 10/10
  2080 | D:2      | Noticed Natasha
  2479 | D:2      | Killed Natasha
  2480 | D:2      | Reached XP level 5. HP: 41/41 MP: 5/11
  2673 | D:2      | Noticed Natasha
  2677 | D:2      | Killed Natasha
  2711 | D:2      | Found a runed translucent door.
  2712 | D:2      | Noticed Crazy Yiuf
  2907 | D:2      | Killed Crazy Yiuf
  2957 | D:2      | Identified the +7 hammer of Extinguishment {chaos, Str+5}
  3859 | D:4      | Reached skill level 1 in Armour
  3859 | D:4      | Reached XP level 6. HP: 48/48 MP: 3/12
  3973 | D:4      | Reached skill level 2 in Armour
  4131 | D:4      | Reached skill level 3 in Armour
  5053 | D:5      | Entered Level 5 of the Dungeon
  5266 | D:5      | Reached skill level 4 in Armour
  5266 | D:5      | Reached XP level 7. HP: 55/55 MP: 7/13
  5503 | D:5      | Reached skill level 5 in Armour
  6178 | D:5      | Reached skill level 6 in Armour
  6895 | D:6      | Reached skill level 7 in Armour
  6895 | D:6      | Reached XP level 8. HP: 56/61 MP: 6/14
  7071 | D:6      | Reached skill level 8 in Armour
  7764 | D:7      | Reached skill level 9 in Armour
  7980 | D:7      | Found a staircase to the Ecumenical Temple.
  8430 | D:8      | Reached XP level 9. HP: 67/67 MP: 11/16
  8432 | D:8      | Reached skill level 10 in Armour
  9184 | D:7      | Reached skill level 1 in Hexes
 10311 | D:8      | Noticed Joseph
 10315 | D:8      | Paralysed by Joseph for 4 turns
 10326 | D:8      | HP: 3/68 [Joseph/+6 quarterstaff (9)]
 10327 | D:8      | Killed Joseph
 10783 | D:9      | Noticed a boulder beetle
 11365 | D:9      | Noticed Erica
 11391 | D:8      | Killed a boulder beetle
 11392 | D:8      | Reached XP level 10. HP: 58/77 MP: 6/18
 11494 | D:9      | Killed Erica
 12541 | D:8      | HP: 3/77 [killer bee (6)]
 12547 | D:9      | Slain by a killer bee

Illustrated notes

Levels and vault maps discovered:
D:1:      amcnicky_arrival_underground_garden, layout_basic,
          chequers_ecumenical_altar_twisty, serial_aquarium,
          aquarium_bridge_square [aquarium_subvault_balcony,
          aquarium_subvault_wall, aquarium_subvault_wall,
          aquarium_subvault_bridge], aquarium_window_corner, aquarium_window_1,
          aquarium_window_fake, aquarium_view_2e
D:2:      layout_basic, minmay_rat_gold_closets, uniq_natasha,
          uniq_crazy_yiuf_cottage
D:3:      layout_basic, kennysheep_big_empty_room,
          amcnicky_mini_rare_corridor_liquid, minmay_misc_feat_roman,
          minmay_misc_feat_tiny, grunt_ministairs_1
D:4:      layout_loops_ring
D:5:      layout_cave_pods, roderic_batcave, kennysheep_generic_room_13
D:6:      layout_gridville, nicolae_overflow_hidden_temple, minmay_holes,
          hangedman_abyss_or_decor_stabs, minmay_puff
D:7:      layout_basic, minmay_temple_entry_butterflies
D:8:      layout_rooms, chequers_temple_overflow_minitemple, uniq_joseph
D:9:      layout_rooms, minitemple, overflow_temple_1_default,
          hangedman_tell_no_tales, uniq_erica, uniq_amaemon

Skill      XL: |  1  2  3  4  5  6  7  8  9 10 |
---------------+-------------------------------+-----
Conjurations   | 1 2 3 |  3.8
Stealth        | 2 4 |  4.5
Dodging        | 2 3 4 |  4.1
Spellcasting   | 2 3 |  3.7
Fire Magic     | 3 4 |  4.5
Fighting       | 1 2 3 |  3.6
Armour         | 1 4 7 9 10 | 10.7
Hexes          | 2 3 |  3.6

Action                     |  1- 3 |  4- 6 |  7- 9 | 10-12 || total
---------------------------+-------+-------+-------+-------++-------
  Melee: Unarmed           |    21 |       |       |       ||    21
         Dagger            |     8 |    37 |    49 |       ||    94
         Punch             |       |     1 |       |       ||     1
         Mace              |       |       |    55 |     1 ||    56
         Staff             |       |       |       |     2 ||     2
   Cast: Foxfire           |    53 |    89 |   123 |     4 ||   269
         Scorch            |    12 |    45 |   119 |    44 ||   220
  Evoke: Wand              |       |       |     1 |       ||     1
    Use: Potion            |       |     1 |     3 |     6 ||    10
         Scroll            |       |    14 |    12 |     3 ||    29
   Stab: Sleeping          |     1 |    12 |     3 |       ||    16
         Paralysed         |       |       |     5 |       ||     5
 Armour: Robe              |    15 |     5 |     4 |       ||    24
         Ring mail         |       |       |    74 |    85 ||   159
  Dodge: Dodged            |    30 |    34 |   113 |   107 ||   284
